 Dungeon Crawl Stone Soup version 0.10.4 character file.

249179 syranez the Axe Maniac (level 20, -2/280 HPs)
             Began as a Minotaur Berserker on Mar 5, 2019.
             Was a High Priest of Trog.
             Slain by a merfolk impaler
             ... wielding a +0,+0 trident
              (9 damage)
             ... on Level 5 of the Shoals on Mar 12, 2019.
             The game lasted 03:24:45 (56170 turns).

syranez the Axe Maniac (Minotaur Berserker)        Turns: 56170, Time: 03:24:46

HP  -2/280       AC 35     Str 35      XL: 20   Next: 24%
MP   6/6         EV 10     Int  4      God: Trog [*****.]
Gold 1923        SH  0     Dex 11      Spells:  0 memorised, 19 levels left

Res.Fire  : + . .   See Invis. : .   z - -3,+3 executioner's axe of Conflict {flame Res.Cold : . . . Warding : . . m - +5 orc plate armour Life Prot.: + . . Conserve : + (no shield) Res.Acid. : . . . Res.Corr. : . Y - +2 wizard hat
Res.Poison: .       Clarity    : .   b - +2 cloak
Res.Elec. : +       Spirit.Shd : .   d - +1 pair of gloves of Aniacet {Str+1 Dam+3}
Sust.Abil.: . .     Stasis     : .   N - +2 pair of boots {run}
Res.Mut.  : .       Ctrl.Telep.: .   x - amulet of conservation
Res.Rott. : .       Levitation : .   G - ring of protection from fire
Saprovore : . . .   Ctrl.Flight: .   R - ring of regeneration

@: berserking (expires), studying Axes, very quick, quite resistant to hostile
enchantments, extremely unstealthy
A: retaliatory headbutt, claws 1, horns 2, blink 1, blurry vision 1, breathe
flames 1, fast metabolism 1, slow healing 1, camouflage 1, evolution 1, Dex -1
a: Blink, Burn Spellbooks, Berserk, Trog's Hand, Brothers in Arms, Renounce
Religion, Breathe Fire, Evoke Invisibility
}: 1/15 runes: decaying


You were on level 5 of the Shoals.
You worshipped Trog.
Trog was extremely pleased with you.
You were not hungry.

You visited 7 branches of the dungeon, and saw 46 of its levels.
You visited the Abyss 1 time.
You visited 2 portal chambers: ossuary, volcano.

You collected 3484 gold pieces.
You spent 1581 gold pieces at shops.

Inventory:

Hand weapons
 z - the -3,+3 executioner's axe of Conflict (weapon) {flame, +Inv rElec rN+}
   (You found it on level 8 of the Lair of Beasts)

   It emits flame when wielded, causing extra injury to most foes and up to
   double damage against particularly susceptible opponents.
   Big, fiery blades are also staple armaments of hydra-hunters.
   It insulates you from electricity.
   It protects you from negative energy.
   It lets you turn invisible.
Missiles
 l - 3 +0 darts of flame
 K - 8 +3 javelins of penetration (quivered)
Armour
 b - a +2 cloak (worn)
 d - the +1 pair of gloves of Aniacet (worn) {Str+1 Dam+3}
   (You found it on level 17 of the Dungeon)

   It affects your strength (+1).
   It affects your damage-dealing abilities (+3).
 m - a +5 orcish plate armour (worn)
 N - a +2 pair of boots of running (worn)
 Y - a +2 wizard hat (worn)
Magical devices
 i - a wand of draining (8)
 j - a wand of paralysis (13)
 n - a wand of lightning (9)
 t - a wand of slowing (9)
 y - a wand of fire (0)
 C - a wand of confusion (2)
 H - a wand of frost (14)
 L - a wand of digging (8)
 P - a wand of disintegration (3)
 U - a wand of cold (9)
 W - a wand of teleportation (6)
 X - a wand of confusion (8)
Comestibles
 c - 3 bread rations
 f - 19 strawberries
Scrolls
 a - 11 scrolls of teleportation
 e - 10 scrolls of remove curse
 g - 9 scrolls of blinking
 u - 7 scrolls of fear
 D - a scroll of summoning
 F - a scroll of recharging
 M - 6 scrolls of magic mapping
 T - 9 scrolls of detect curse
 V - 8 scrolls of fog
Jewellery
 h - a cursed ring of protection from cold
 w - an uncursed ring of see invisible
 x - an amulet of conservation (around neck)
 G - a ring of protection from fire (right hand)
 R - a ring of regeneration (left hand)
 S - an uncursed ring of protection from magic
Potions
 k - 3 potions of cure mutation
 o - 3 potions of heal wounds
 p - 4 potions of restore abilities
 q - 6 potions of brilliance
 s - 9 potions of curing
 v - 4 potions of invisibility
 B - 4 potions of berserk rage
 E - 4 potions of levitation
 I - 6 potions of speed
 J - 4 potions of might
 O - a potion of resistance
 Q - 3 potions of agility
Books
 r - a manual of Axes (studied) You are currently studying this manual.


   Skills:
 + Level 18.9 Fighting
 O Level 27 Axes
 + Level 11.1 Throwing
 + Level 17.5 Armour
 + Level 12.0 Dodging
 + Level 2.7 Stealth
 + Level 2.9 Stabbing
 + Level 4.1 Traps & Doors
 + Level 1.7 Evocations


You had 19 spell levels left.
You didn't know any spells.

Dungeon Overview and Level Annotations

Branches:
Dungeon (22/27)            Temple (0/1) D:5             Orc (4/4) D:6
    Elf (1/5) Orc:4          Lair (8/8) D:8           Swamp (5/5) Lair:2
 Shoals (5/5) Lair:5        Vault (1/8) D:18
  Slime: Lair:6-8

Altars:
Cheibriados
Elyvilon
Okawaru
Sif Muna
The Shining One
Trog
Vehumet
Xom
Beogh

Shops:
D:5: ! D:7: ! D:13: ! Orc:2: + Orc:4: +(*[

Portals:
Hell: D:21
Abyss: D:21
Pan: D:21
Trove: D:10 (give +6,+5 demon trident)

Annotations
Lair:7 exclusion: 2 oklob plants
Shoals:5 Ilsuiw


Innate Abilities, Weirdness & Mutations

You reflexively headbutt those who attack you in melee.
You have a pair of horns on your head.
You have sharp fingernails.
You can translocate small distances at will.
Your vision is a little blurry.
You can breathe flames.
You are clumsy (Dex -1).
You have a fast metabolism.
You heal slowly.
Your skin changes colour to match your surroundings (Stlth).
You evolve.


Message History

Unknown command.
Your unstable footing causes you to fumble your attack.
Unknown command.
You slash it! You burn it. It hits you but does no damage.
The merfolk impaler closely misses you.
You completely miss it. Your headbutt misses it.
The merfolk impaler hits you from afar with a trident!
* * * LOW HITPOINT WARNING * * *
Your unstable footing causes you to fumble your attack.
You hear some strange, mumbled words.
The merfolk impaler barely misses you.
Unknown command.
Your unstable footing causes you to fumble your attack.
The merfolk impaler hits you but does no damage.
Your unstable footing causes you to fumble your attack.
You hear some strange, mumbled words.
The shard of ice hits you!
* * * LOW HITPOINT WARNING * * *
The merfolk impaler hits you from afar with a trident!
You die...

≈≈≈≈≈≈≈≈≈≈≈≈≈≈≈≈≈≈
≈≈≈≈≈≈≈≈≈≈≈≈≈≈≈≈≈≈≈≈
≈≈≈≈≈≈≈≈≈≈≈≈≈≈≈≈≈≈≈≈≈≈
≈≈≈≈≈≈≈≈≈≈≈≈≈≈≈≈≈≈≈≈≈≈≈
≈≈≈≈≈≈≈≈≈≈?...≈≈≈≈≈..≈≈
≈≈≈≈≈≈≈≈≈...#..≈≈≈.##.≈
≈≈≈≈≈≈≈≈≈≈##+##.≈≈≈≈##..≈
≈≈≈≈≈≈≈≈.##≈≈[##≈≈≈≈)...≈..
≈≈≈≈≈≈≈..#)@≈≈(#≈≈≈≈≈≈...≈
≈≈≈≈≈≈≈m≈m(({.(#...≈≈≈≈≈≈#
≈≈≈≈≈≈≈≈≈#≈≈≈≈.#...≈≈≈≈≈≈#
≈≈≈≈≈≈≈≈##≈..##(.≈...≈≈≈+
≈≈≈≈≈≈≈≈≈#####<)≈≈###≈≈≈#
≈≈≈≈≈≈≈≈≈...≈((≈≈.##..≈≈##
≈≈≈≈≈≈≈≈[..≈.≈(..#....≈≈##
≈≈≈≈≈≈≈≈≈..≈(%%....≈≈≈≈≈≈
≈≈≈≈≈≈≈≈≈≈≈≈.....≈≈P≈≈≈≈


You could see a merfolk impaler and a mermaid.

Vanquished Creatures
  Kirke (Swamp:4)
  3 krakens
  Rupert (Lair:8)
  A balrug (Abyss)
  Donald (Swamp:5)
  An orc warlord (Orc:4)
  Louise (Swamp:5)
  Maud (Lair:8)
  Jozef (Orc:4)
  Azrael (D:19)
  A Green Death (Abyss)
  A yaktaur captain (D:21)
  2 dragons
  A vault guard (D:18)
  2 sirens
  3 merfolk aquamancers
  2 ogre magi
  Josephine (D:15)
  An eidolon (Abyss)
  Snorg (D:18)
  4 merfolk javelineers
  Polyphemus (Shoals:2)
  10 alligators
  13 hydras
  An alligator snapping turtle (Shoals:4)
  A lorocyproca (Abyss)
  21 death yaks
  4 merfolk impalers
  A stone giant zombie (D:19)
  4 orc high priests (Orc:4)
  Nergalle (D:15)
  The ghost of murderhobo the Charlatan, an experienced HESk of Nemelex Xobeh (D:9)
  4 catoblepae
  A frost giant skeleton (D:18)
  A soul eater (Abyss)
  2 giant orange brains
  5 centaur warriors
  2 deep elf knights
  23 skeletal warriors
  5 orc knights
  An unseen horror (shapeshifter) (D:18)
  10 sea snakes
  3 unseen horrors
  12 swamp dragons
  2 yellow draconian zombies (Abyss)
  13 hill giants
  4 large abominations (Abyss)
  A sea snake zombie (Abyss)
  A flayed ghost (D:20)
  A giant amoeba (D:19)
  A hydra zombie (D:13)
  4 orc sorcerers
  A red draconian skeleton (Abyss)
  25 harpies
  Joseph (Orc:1)
  12 cyclopes
  An oklob plant (Shoals:4)
  A deep dwarf berserker (Abyss)
  A harpy skeleton (D:20)
  A red wasp (Swamp:5)
  3 griffons
  4 black mambas
  A wolf spider (D:20)
  8 elephants
  A sixfirhy (Orc:4)
  The ghost of Somebody the Fighter, an experienced NaFi of Okawaru (Orc:3)
  2 feature mimics
  A spiny frog (shapeshifter) (D:19)
  3 trapdoor spiders
  A griffon zombie (Abyss)
  2 elephant slugs
  40 slime creatures
  15 spiny frogs
  An alligator skeleton (Abyss)
  A tormentor (Abyss)
  A queen ant (Lair:7)
  6 orange demons
  2 ice dragon skeletons
  An eye of devastation (D:20)
  5 yaktaurs
  A hellwing (Abyss)
  3 rock trolls
  33 ugly things
  An ettin skeleton (D:19)
  13 mermaids
  A yaktaur (shapeshifter) (D:17)
  A redback (Lair:6)
  5 smoke demons (Abyss)
  13 trolls
  8 komodo dragons
  3 rock troll zombies
  19 blink frogs
  2 queen bees
  3 baby alligators (Swamp:5)
  20 snapping turtles
  10 two-headed ogres
  A brown ooze (shapeshifter) (D:17)
  2 blue devils
  A giant firefly (D:9)
  A hairy devil (Abyss)
  A wraith (D:18)
  3 wyverns
  38 yaks
  A merfolk (shapeshifter) (D:20)
  6 sharks
  A chaos spawn (Abyss)
  3 neqoxecs (Abyss)
  41 merfolk
  A vampire (D:14)
  A blink frog skeleton (D:15)
  5 hogs
  2 fire elementals (D:19)
  26 vampire mosquitoes
  3 ynoxinuls
  A rock worm (D:18)
  A water elemental (Shoals:5)
  4 war dogs (Lair:5)
  3 fire drakes
  8 deep elf fighters (Port)
  19 hippogriffs
  A hungry ghost (D:10)
  Edmund (D:6)
  2 hell hounds (D:19)
  2 yaktaur zombies
  A giant slug zombie (D:18)
  63 swamp worms
  3 mottled dragons
  2 necrophages
  A red devil (Orc:4)
  A freezing wraith (D:21)
  3 phantoms
  46 orc warriors
  13 soldier ants (Lair:7)
  25 insubstantial wisps
  13 manticores
  A black bear (Lair:1)
  A cyclops skeleton (Abyss)
  A yellow wasp (D:9)
  3 tengu (Swamp:5)
  13 ice beasts
  7 sky beasts
  2 giant goldfish (Lair:5)
  18 swamp drakes
  A yak zombie (D:15)
  4 troll zombies
  22 ogres
  7 small abominations (Abyss)
  7 crocodiles
  25 centaurs
  Duvessa (D:5)
  2 wargs (Orc:4)
  2 big kobolds
  3 giant slugs
  21 giant frogs
  A gnoll sergeant (D:11)
  A deep elf mage (Elf:1)
  6 agate snails
  A tarantella (D:9)
  10 water moccasins
  3 basilisk zombies (D:15)
  3 eyes of draining
  5 giant leeches
  81 killer bees
  17 jellyfish
  3 killer bee zombies
  2 boulder beetles
  4 electric eels
  3 quasits
  2 vampire bats (D:11)
  6 iron imps (Abyss)
  4 shadows
  3 bog mummies (Port)
  10 crimson imps
  3 goliath beetles
  Dowan (D:5)
  4 big kobold skeletons
  2 hound zombies
  10 big fish
  26 orc priests
  8 hounds
  4 scorpions
  45 orc wizards
  46 worker ants
  4 hound skeletons
  7 iguanas
  A worker ant zombie (D:10)
  2 porcupines
  4 jellies
  35 sheep
  Ijyb (D:6)
  A goliath beetle zombie (Port)
  12 mummies
  5 lemures
  5 midges
  3 gnolls (D:11)
  12 adders
  4 adder zombies (Port)
  25 green rats
  5 giant mites
  A scorpion zombie (Port)
  2 giant centipedes
  3 white imps (Abyss)
  5 worms
  15 ufetubi
  3 grey rats (D:14)
  2 bat skeletons
  3 bat zombies (Port)
  A giant eyeball (D:11)
  A gnoll zombie (Port)
  3 oozes
  207 orcs
  44 bats
  10 giant cockroaches
  28 goblins
  8 hobgoblins
  18 jackals
  36 kobolds
  11 quokkas
  3 ball pythons (D:1)
  A ball python zombie (Port)
  5 giant geckos
  A giant gecko skeleton (D:12)
  4 giant newts
  A giant spore (D:12)
  2 hobgoblin skeletons
  3 hobgoblin zombies (Port)
  A jackal zombie (Port)
  2 kobold zombies
  3 orc skeletons
  An orc zombie (Port)
  A quokka zombie (D:19)
  27 rats
  3 rat zombies (Port)
  5 spectral orcs (D:15)
  4 ballistomycetes (D:12)
  A bush (Lair:2)
  A butterfly (Shoals:1)
  2 fungi
  7 plants
  15 tentacles
  37 toadstools
1925 creatures vanquished.

Vanquished Creatures (collateral kills)
  Saint Roka (Orc:4)
  Mara (D:20)
  2 illusory
  Maras (D:20)
  Agnes (D:18)
  2 hydras
  A giant amoeba (D:18)
  2 cyclopes (D:18)
  2 hellwings (Abyss)
  A smoke demon (Abyss)
  A troll (D:18)
  4 yaks (D:18)
  A neqoxec (Abyss)
  A small abomination (Abyss)
  2 orc warriors (Orc:4)
  A cyclops skeleton (D:14)
  A tengu (Swamp:5)
  A warg (Orc:4)
  A shadow (D:18)
  An orc wizard (Orc:4)
  A mummy (D:14)
  2 orcs (Orc:4)
30 creatures vanquished.

Vanquished Creatures (others)
  A centaur warrior (D:20)
  An unseen horror (D:19)
  An orc knight (D:20)
  A cyclops (D:20)
  A trapdoor spider (D:20)
  A rock troll (D:20)
  2 ugly things (D:20)
  A two-headed ogre (D:18)
  A vampire mosquito (D:20)
  A small abomination (D:11)
  2 ogres
  A crocodile (Lair:8)
  A centaur (D:16)
  A sheep (D:18)
  A gnoll (D:20)
  A gnoll skeleton (D:6)
  2 orcs (D:4)
  A giant spore (D:12)
  A goblin (D:15)
  7 kobolds
  A rat (D:21)
  A fungus (Lair:8)
  A plant (Shoals:4)
  29 tentacles
  605 tentacle segments
  319 toadstools
985 creatures vanquished.

Grand Total: 2940 creatures vanquished

Notes
Turn   | Place    | Note
--------------------------------------------------------------
     0 | D:1      | syranez, the Minotaur Berserker, began the quest for the Orb.
     0 | D:1      | Reached XP level 1. HP: 19/19 MP: 0/0
   205 | D:1      | Reached skill level 4 in Axes
   205 | D:1      | Reached XP level 2. HP: 19/26 MP: 0/0
  1000 | D:2      | Reached XP level 3. HP: 33/33 MP: 1/1
  1038 | D:2      | Reached skill level 1 in Throwing
  1634 | D:2      | Found a white marble altar of Elyvilon.
  1833 | D:3      | Acquired Trog's second power
  2443 | D:3      | Reached XP level 4. HP: 40/40 MP: 1/1
  2836 | D:4      | Reached XP level 5. HP: 23/46 MP: 1/1
  3213 | D:4      | Reached XP level 6. HP: 27/53 MP: 2/2
  4584 | D:5      | Entered Level 5 of the Dungeon
  4741 | D:5      | Noticed Duvessa
  4752 | D:5      | Killed Duvessa
  4752 | D:5      | Reached skill level 5 in Axes
  4752 | D:5      | Reached skill level 1 in Traps & Doors
  4832 | D:5      | Noticed Dowan
  4849 | D:5      | Killed Dowan
  4849 | D:5      | Reached XP level 7. HP: 56/60 MP: 2/2
  4950 | D:5      | Found Prapteul's Distillery.
  4961 | D:5      | Bought a potion of mutation for 42 gold pieces
  4961 | D:5      | Bought a potion of curing for 28 gold pieces
  5018 | D:5      | Reached skill level 5 in Throwing
  5268 | D:5      | Found a staircase to the Ecumenical Temple.
  5522 | D:6      | Noticed Edmund
  5643 | D:6      | Killed Edmund
  5643 | D:6      | Acquired Trog's third power
  5643 | D:6      | Reached skill level 5 in Armour
  5643 | D:6      | Reached skill level 1 in Stealth
  5695 | D:6      | Identified a +2 pair of boots of running (You found it on level 6 of the Dungeon)
  5730 | D:6      | Reached XP level 8. HP: 67/67 MP: 2/2
  5900 | D:6      | Found an iron altar of Okawaru.
  5921 | D:6      | Reached skill level 5 in Dodging
  6073 | D:6      | Noticed Ijyb
  6101 | D:6      | Killed Ijyb
  6157 | D:6      | Reached skill level 6 in Throwing
  6436 | D:6      | Found a staircase to the Orcish Mines.
  6462 | D:6      | Found a roughly hewn altar of Beogh.
  6478 | D:6      | Reached skill level 5 in Fighting
  6597 | Orc:1    | Entered Level 1 of the Orcish Mines
  6599 | Orc:1    | Noticed Joseph
  6758 | D:7      | Reached skill level 7 in Throwing
  6847 | D:7      | Found a snail-covered altar of Cheibriados.
  6918 | D:7      | Reached XP level 9. HP: 73/73 MP: 3/3
  7534 | D:7      | Found Heanepoe's Distillery.
  7561 | D:7      | Bought a potion of agility for 27 gold pieces
  7561 | D:7      | Bought a potion of heal wounds for 33 gold pieces
  7562 | D:7      | Bought a potion of speed for 60 gold pieces
  8076 | D:8      | Found a staircase to the Lair.
  8215 | D:8      | Found a sand-covered staircase. 8220
                  | ossuary
                  | Entered a tomb
  9524 | D:9      | Reached skill level 8 in Throwing
  9540 | D:9      | Reached XP level 10. HP: 82/82 MP: 3/3
 10113 | D:9      | Noticed murderhobo's ghost (experienced HESk)
 10163 | D:9      | Killed murderhobo's ghost
 10285 | D:9      | Reached skill level 9 in Throwing
 10902 | D:9      | Identified a scroll of acquirement
 10905 | D:9      | Got a bloodstained battleaxe
 10906 | D:9      | Identified the Wrath of Trog {antimagic} (You acquired it on level 9 of the Dungeon)
 10930 | D:10     | Entered Level 10 of the Dungeon
 11219 | D:10     | Received a gift from Trog
 11621 | D:10     | Reached skill level 10 in Axes
 11695 | D:10     | Reached XP level 11. HP: 91/91 MP: 1/3
 12061 | D:10     | Found a portal to a secret trove of treasure.
 12566 | D:11     | Reached skill level 11 in Axes
 12970 | D:11     | Received a gift from Trog
 13518 | D:11     | Reached skill level 12 in Axes
 13875 | D:11     | Received a gift from Trog
 14264 | D:12     | Found a deep blue altar of Sif Muna.
 14423 | D:12     | Reached skill level 13 in Axes
 14614 | D:12     | Paralysed by a potion of paralysis for 3 turns
 15173 | D:12     | Reached XP level 12. HP: 93/102 MP: 4/4
 15438 | D:13     | Found Pyfown's Distillery.
 15448 | D:13     | Bought a potion of heal wounds for 54 gold pieces
 15448 | D:13     | Bought a potion of curing for 36 gold pieces
 15448 | D:13     | Bought a potion of degeneration for 36 gold pieces
 15616 | D:13     | Reached skill level 14 in Axes
 16069 | D:13     | Reached skill level 10 in Armour
 16520 | D:13     | Reached skill level 10 in Fighting
 16566 | D:13     | Received a gift from Trog
 16780 | D:13     | Reached skill level 15 in Axes
 17188 | D:14     | Entered Level 14 of the Dungeon
 17646 | D:14     | Reached skill level 10 in Throwing
 17764 | D:14     | Got a pitted marble ring
 18182 | D:15     | Entered Level 15 of the Dungeon
 18443 | D:15     | Reached skill level 16 in Axes
 18762 | D:15     | Noticed Josephine
 18775 | D:15     | Killed Josephine
 18967 | D:15     | Noticed Nergalle
 18979 | D:15     | Killed Nergalle
 19176 | D:15     | Received a gift from Trog
 19343 | D:15     | Reached skill level 17 in Axes
 19705 | D:16     | Reached XP level 13. HP: 82/111 MP: 4/4
 20069 | D:16     | Identified the ring "Nivupn" (You found it on level 14 of the Dungeon)
 20103 | D:16     | Reached skill level 1 in Stabbing
 20187 | D:15     | Gained mutation: Your skin changes colour to match your surroundings (Stlth).
 20189 | D:15     | Gained mutation: Your vision is a little blurry.
 20190 | D:15     | Gained mutation: You have sharp fingernails.
 20338 | D:16     | Reached skill level 18 in Axes
 20802 | D:17     | Got a pair of shimmering gloves
 20805 | D:17     | Identified the +1 pair of gloves of Aniacet (You found it on level 17 of the Dungeon)
 21331 | D:17     | Reached skill level 19 in Axes
 21346 | D:17     | Received a gift from Trog
 21773 | D:17     | Reached XP level 14. HP: 117/122 MP: 4/4
 21858 | D:18     | Noticed Agnes
 21870 | D:18     | Gained mutation: You have a fast metabolism.
 21876 | D:18     | Killed Agnes
 21876 | D:18     | Received a gift from Trog
 22323 | D:18     | Reached skill level 20 in Axes
 22782 | D:18     | Noticed Snorg
 22797 | D:18     | Killed Snorg
 22855 | D:18     | Reached skill level 1 in Evocations
 23158 | D:18     | Found a staircase to the Vaults.
 23171 | Vault:1  | Entered Level 1 of the Vaults
 23510 | Lair:1   | Entered Level 1 of the Lair of Beasts
 23849 | Lair:1   | Found a dark tunnel.
 23864 | Volcano  | Entered a volcano
 23893 | Volcano  | Received a gift from Trog
 24445 | Lair:2   | Reached skill level 21 in Axes
 24954 | Lair:2   | Found a staircase to the Swamp.
 26345 | Lair:4   | Received a gift from Trog
 26565 | Lair:5   | Found a bloodstained altar of Trog.
 27042 | Lair:5   | Reached XP level 15. HP: 132/132 MP: 5/5
 27484 | Lair:5   | Received a gift from Trog
 27485 | Lair:5   | Got a brightly glowing battleaxe {god gift}
 27586 | Lair:5   | Found a staircase to the Shoals.
 28307 | Lair:6   | Noticed a redback
 28312 | Lair:6   | Killed a redback
 28327 | Lair:6   | Found a glowing golden altar of the Shining One.
 28444 | Lair:6   | Identified the -1,+4 battleaxe of Trog's Envy {god gift} (Trog gifted it to you on level 5 of the Lair of Beasts)
 28901 | Lair:7   | Reached skill level 22 in Axes
 29273 | Lair:7   | Received a gift from Trog
 29634 | Lair:8   | Entered Level 8 of the Lair of Beasts
 30025 | Lair:8   | Got a dazzling executioner's axe
 30088 | Lair:8   | Received a gift from Trog
 30091 | Lair:8   | Got a slimy battleaxe {god gift}
 30154 | Lair:8   | Identified the -3,+3 executioner's axe of Conflict (You found it on level 8 of the Lair of Beasts)
 30361 | Lair:8   | Reached skill level 23 in Axes
 30486 | Lair:8   | Noticed Rupert
 30501 | Lair:8   | Killed Rupert
 30501 | Lair:8   | Reached XP level 16. HP: 143/143 MP: 5/5
 30574 | Lair:8   | Noticed Maud
 30584 | Lair:8   | Killed Maud
 30584 | Lair:8   | Reached skill level 15 in Fighting
 31310 | Orc:1    | Killed Joseph
 31747 | Orc:2    | Found Ittafamp's Book Shop.
 31762 | Orc:2    | Received a gift from Trog
 32238 | Orc:3    | Noticed Somebody's ghost (experienced NaFi)
 32251 | Orc:3    | Killed Somebody's ghost
 32253 | Orc:3    | Received a gift from Trog
 32736 | Orc:4    | Entered Level 4 of the Orcish Mines
 32752 | Orc:4    | Received a gift from Trog
 32823 | Orc:3    | Noticed a two-headed ogre
 32829 | Orc:3    | Killed a two-headed ogre
 33115 | Orc:4    | Found a staircase to the Elven Halls.
 33159 | Orc:4    | Noticed Saint Roka
 33190 | Orc:4    | Killed Saint Roka
 33333 | Orc:4    | Noticed an orc high priest
 33336 | Orc:4    | Noticed an orc high priest
 33384 | Orc:4    | Killed an orc high priest
 33499 | Orc:4    | Received a gift from Trog
 33500 | Orc:4    | Noticed an orc warlord
 33526 | Orc:4    | Killed an orc warlord
 33532 | Orc:4    | Noticed Jozef
 33542 | Orc:4    | Killed an orc high priest
 33548 | Orc:4    | Killed Jozef
 33766 | Orc:4    | Paralysed by an orc sorcerer for 5 turns
 33770 | Orc:4    | Noticed an orc high priest
 33795 | Orc:4    | Killed an orc high priest
 33882 | Orc:4    | Found Loeg's General Store.
 33883 | Orc:4    | Found Thraagu's Book Shoppe.
 33885 | Orc:4    | Found Pleuff's Antique Armour Emporium.
 33885 | Orc:4    | Found Ynacvuatt's Antique Weapon Emporium.
 33891 | Orc:4    | Bought a manual of Axes for 1265 gold pieces
 33896 | Orc:4    | Noticed an orc high priest
 33904 | Orc:4    | Killed an orc high priest
 34111 | Elf:1    | Entered Level 1 of the Elven Halls
 34836 | D:19     | Received a gift from Trog
 34995 | D:19     | Paralysed by an ogre mage for 3 turns
 35002 | D:19     | Reached skill level 24 in Axes
 35110 | D:19     | Noticed a fire elemental
 35110 | D:19     | Noticed a fire elemental
 35113 | D:19     | Noticed Azrael
 35119 | D:19     | Killed Azrael
 35129 | D:19     | Killed a fire elemental
 35136 | D:19     | Killed a fire elemental
 35444 | D:19     | Identified the +6,+6 battleaxe of Gumow {god gift} (Trog gifted it to you on level 8 of the Lair of Beasts)
 35750 | D:20     | Entered Level 20 of the Dungeon
 36031 | D:20     | You are cast into the Abyss!
 36031 | D:20     | Cast into the Abyss (ogre mage)
 36031 | Abyss    | Entered The Abyss
 36062 | Abyss    | Reached XP level 17. HP: 146/154 MP: 5/5
 36120 | Abyss    | Noticed a soul eater
 36129 | Abyss    | Killed a soul eater
 36129 | Abyss    | Reached skill level 10 in Dodging
 36210 | Abyss    | Noticed a deep dwarf berserker
 36219 | Abyss    | Killed a deep dwarf berserker
 36347 | Abyss    | Received a gift from Trog
 36457 | Abyss    | Reached skill level 15 in Armour
 36473 | Abyss    | Noticed a tormentor
 36480 | Abyss    | Killed a tormentor
 36530 | Abyss    | Noticed an eidolon
 36548 | Abyss    | Killed an eidolon
 36855 | Abyss    | Noticed a vampire
 36964 | Abyss    | Reached skill level 25 in Axes
 37078 | Abyss    | Noticed a jelly
 37097 | Abyss    | Killed a jelly
 37150 | D:20     | You pass through the gate.
 37224 | D:20     | Received a gift from Trog
 37294 | D:20     | Noticed Mara
 37295 | D:20     | Noticed syranez's illusion
 37411 | D:20     | Killed Mara
 37466 | D:20     | Found a shimmering altar of Xom.
 37757 | D:21     | Received a gift from Trog
 37768 | D:21     | Found a one-way gate leading to the halls of Pandemonium.
 37834 | D:21     | Found a one-way gate to the infinite horrors of the Abyss.
 37860 | D:21     | Found a shimmering altar of Xom.
 37927 | D:21     | Gained mutation: You evolve.
 37999 | D:21     | Reached XP level 18. HP: 165/165 MP: 6/6
 38043 | D:21     | Gained mutation: You are clumsy (Dex -1).
 38045 | D:21     | Gained mutation: You heal slowly.
 38046 | D:21     | Gained mutation: You can breathe flames.
 38216 | D:21     | Received a gift from Trog
 38250 | D:21     | Found a gateway to Hell.
 38944 | Swamp:1  | Entered Level 1 of the Swamp
 40822 | Swamp:2  | You fall through a shaft!
 41036 | Swamp:4  | Gained mutation: You can translocate small distances at will.
 42802 | Swamp:3  | Received a gift from Trog
 44201 | Swamp:5  | Entered Level 5 of the Swamp
 44201 | Swamp:5  | Noticed Louise
 44204 | Swamp:5  | Killed Louise
 44397 | Swamp:5  | Reached skill level 26 in Axes
 44496 | Swamp:5  | Noticed Kirke
 44616 | Swamp:4  | Killed Kirke
 44964 | Swamp:5  | Noticed Donald
 44973 | Swamp:5  | Killed Donald
 45213 | Swamp:5  | Received a gift from Trog
 45798 | Swamp:5  | Reached XP level 19. HP: 165/174 MP: 6/6
 45831 | Swamp:5  | Received a gift from Trog
 46313 | Swamp:5  | Got a decaying rune of Zot
 47009 | Shoals:1 | Entered Level 1 of the Shoals
 48080 | Shoals:1 | Found a radiant altar of Vehumet.
 48594 | Shoals:2 | Noticed Polyphemus
 48602 | Shoals:2 | Killed Polyphemus
 50748 | Shoals:3 | Received a gift from Trog
 51016 | Shoals:3 | Reached skill level 27 in Axes
 51234 | Shoals:3 | Received a gift from Trog
 52764 | Shoals:4 | Received a gift from Trog
 53706 | Shoals:4 | Reached XP level 20. HP: 173/185 MP: 6/6
 54303 | Shoals:5 | Entered Level 5 of the Shoals
 56123 | Shoals:5 | Noticed Ilsuiw
 56167 | Shoals:5 | HP: 7/280 [merfolk impaler/trident (19)]
 56170 | Shoals:5 | Slain by a merfolk impaler
